 Dungeon Crawl Stone Soup version 0.31.0-32-g396128a36d (webtiles) character file.

Game seed: 8396681741020621128

60 NotreDorf the Ducker (level 4, 0/35 HPs)
             Began as a Merfolk Gladiator on Mar 24, 2024.
             Slain by a gnoll
             ... wielding a +0 flail
              (4 damage)
             ... on level 2 of the Dungeon.
             The game lasted 00:03:41 (930 turns).

NotreDorf the Ducker (Merfolk Gladiator)             Turns: 930, Time: 00:03:42

Health: 0/35       AC:  5    Str: 16    XL:     4   Next: 4%
Magic:  4/4        EV: 14    Int:  7    God:
Gold:   60         SH:  0    Dex: 15    Spells: 3/3 levels left

rFire   . . .        a - +0 trident
rCold   . . .        (no shield)
rNeg    . . .        l - +1 robe of Yjaejofu {rElec}
rPois   .            c - +0 helmet
rElec   +            f - +0 cloak
rCorr   .            (no gloves)
SInv    .            (no boots)
Will    .....        (no amulet)
Stlth   ++           (no ring)
HPRegen 0.25/turn    (no ring)
MPRegen 0.09/turn

%: no passive effects
@: no status effects
A: (nimble swimmer 2), mertail
a: no special abilities


You were on level 2 of the Dungeon.
You visited 1 branch of the dungeon, and saw 2 of its levels.

You collected 60 gold pieces.

Inventory:

Hand Weapons
 a - a +0 trident (weapon)
Missiles
 d - 3 throwing nets (quivered)
 e - a javelin
Armour
 c - a +0 helmet (worn)
 f - a +0 cloak (worn)
 l - the +1 robe of Yjaejofu (worn) {rElec}
   (You found it on level 2 of the Dungeon)

   rElec:     It insulates you from electricity.
Scrolls
 j - a scroll of fog {unknown}
 k - a scroll of acquirement {unknown}
Potions
 g - a potion of curing {unknown}
 h - a potion of heal wounds {unknown}
 i - a potion of lignification {unknown}


   Skills:
 + Level 3.0 Fighting
 + Level 4.7 Polearms
 - Level 2.0 Throwing
 + Level 4.7 Dodging
 + Level 1.9 Stealth


You had 3 spell levels left.
You didn't know any spells.
Your spell library was empty.

Dungeon Overview and Level Annotations

Branches:
Dungeon (2/15)

Altars:
Okawaru


Innate Abilities, Weirdness & Mutations

((You are very nimble when in or above water. (Stealth+, EV+, Speed+++)))
Your lower body shifts to a powerful aquatic tail in water.


Message History

Reach: a) +0 trident
Press: ? - help, Dir - move target, f/p - gnoll
Aim: a gnoll, wielding a +0 halberd (severely wounded, about 36% to evade your +0 trident)
You reach to attack!
You closely miss the gnoll.
The gnoll is severely wounded.
The gnoll hits you from afar with a +0 halberd.
Reach: a) +0 trident
Press: ? - help, Dir - move target, f/p - gnoll
Aim: a gnoll, wielding a +0 halberd (severely wounded, about 36% to evade your +0 trident)
You reach to attack!
You hit the gnoll.
You kill the gnoll!
Your Fighting skill increases to level 3!
You have reached level 4!
Reach: a) +0 trident
Press: ? - help, Dir - move target, f - gnoll
Aim: a gnoll, wielding a +0 whip (about 36% to evade your +0 trident)
You reach to attack!
You hit the gnoll.
The gnoll is moderately wounded.
A gnoll comes into view. It is wielding a +0 flail.
The gnoll shouts!
You hit the gnoll.
The gnoll is heavily wounded.
The gnoll hits you with a +0 whip. The gnoll misses you.
You hit the gnoll.
The gnoll is heavily wounded.
You closely miss the gnoll. You hit the gnoll.
The gnoll is moderately wounded.
The gnoll hits you with a +0 flail!
* * * LOW HITPOINT WARNING * * *
You hit the gnoll but do no damage.
The gnoll is moderately wounded.
You hit the gnoll.
The gnoll is severely wounded.
The gnoll closely misses you. The gnoll hits you with a +0 whip.
* * * LOW HITPOINT WARNING * * *
You barely miss the gnoll.
The gnoll is severely wounded.
The gnoll hits you with a +0 flail.
You die...

###.####+### ###..
..#.#......# #....#
#.#.#......# #.....
#.#.#......#####
#.....
#.#............#
.....
#......#'##....#
...
#......#.##....#
#.##g.._..#..#....#
#.)g@.....##.'....#
#####.....####....#
..#+#.## #....# #..
.... ###'#### #..
..... #.#... ..
#.'... ###... ##.#
#..


You could see 2 gnolls.

Vanquished Creatures
  2 gnolls (D:2)
  A dart slug (D:1)
  A ribbon worm (D:2)
  4 ball pythons
  6 endoplasms
  2 giant cockroaches (D:1)
  2 goblins (D:1)
  5 hobgoblins
  A bat (D:1)
  2 frilled lizards (D:1)
  6 kobolds
  3 rats
35 creatures vanquished.

Notes
Turn   | Place    | Note
-------+----------+-------------------------------------------
     0 | D:1      | NotreDorf the Merfolk Gladiator began the quest for the
                  | Orb.
     0 | D:1      | Reached XP level 1. HP: 16/16 MP: 1/1
    55 | D:1      | Reached XP level 2. HP: 23/23 MP: 2/2
   135 | D:1      | Reached skill level 1 in Stealth
   355 | D:1      | Reached XP level 3. HP: 24/28 MP: 3/3
   628 | D:2      | Identified the +1 robe of Yjaejofu {rElec}
   897 | D:2      | Found an iron altar of Okawaru.
   923 | D:2      | Reached XP level 4. HP: 13/35 MP: 4/4
   930 | D:2      | Slain by a gnoll

Illustrated notes

Levels and vault maps discovered:
D:1:      ncdulo_wetmaze, layout_loops_ring, minivault_19
D:2:      layout_basic, dilly_ecumenical_altar_fadedgnrine, basic_altar

Skill      XL: |  1  2  3 |
---------------+----------+-----
Stealth        | 1 |  1.9
Fighting       | 3 |  3.0
Polearms       | |  4.7
Throwing       | |  2.0
Dodging        | |  4.7

Action                     |  1- 3 |  4- 6 || total
---------------------------+-------+-------++-------
  Melee: Trident           |    92 |     8 ||   100
   Stab: Sleeping          |    11 |       ||    11
         Distracted        |     1 |       ||     1
 Armour: Leather armour    |    12 |       ||    12
         Robe              |    11 |     4 ||    15
  Dodge: Dodged            |    31 |     2 ||    33
